 Dungeon Crawl Stone Soup version 0.17-a0-1056-g838d5c0 (webtiles) character file.

172 Hanyuu the Insei (level 5, 0/33 HPs)
             Began as an Octopode Transmuter on May 16, 2015.
             Slain by Baka's ghost (7 damage)
             ... on level 3 of the Dungeon.
             The game lasted 00:08:01 (3409 turns).

Hanyuu the Insei (Octopode Transmuter)              Turns: 3409, Time: 00:08:01

Health: 0/33       AC:  2    Str: 10    XL:     5   Next: 52%
Magic:  1/8        EV: 25    Int: 16    God:
Gold:   220        SH:  0    Dex: 22    Spells: 3 memorised, 2 levels left

rFire  . . .     SeeInvis .       - Unarmed
rCold  + . .     Clarity  .     (shield currently unavailable)
rNeg   + . .     SustAb   .     (helmet currently unavailable)
rPois  x         Gourm    .     v - amulet of warding
rElec  .         Spirit   .     k - ring of protection from cold
rCorr  .         Warding  +     (no ring)
rMut   .         Stasis   .     (no ring)
MR     .....                    (no ring)
Stlth  +++.......               (no ring)
                                (no ring)
                                (no ring)
                                (no ring)

@: agile, spider-form (expiring), very slightly contaminated, not resistant to
hostile enchantments, fairly stealthy
A: almost no armour, amphibious, 8 rings, (constrict 8), (camouflage 0),
(gelatinous body 0)
a: End Transformation


You were on level 3 of the Dungeon.
You were hungry.
You were a venomous arachnid creature.
You visited 1 branch of the dungeon, and saw 3 of its levels.

You collected 220 gold pieces.

Inventory:

Hand weapons
 j - a cursed -3 dagger
 m - a +1 dagger of electrocution
Missiles
 a - 34 arrows
 g - 10 poisoned needles
 i - 6 tomahawks (quivered)
 p - 14 arrows of flame
Jewellery
 k - a ring of protection from cold (left front leg)
 v - an amulet of warding (around neck)
Magical devices
 r - a wand of flame (6)
 z - a wand of invisibility (4)
Scrolls
 d - a scroll of enchant armour {unknown}
 e - a scroll of remove curse {unknown}
 h - 3 scrolls of teleportation {unknown}
 l - a scroll of blinking {unknown}
 n - a scroll of enchant weapon {unknown}
 x - a scroll of random uselessness {unknown}
 y - a scroll of recharging {unknown}
 C - a scroll of identify
Potions
 f - 3 potions of agility
 q - a potion of mutation
 s - 2 potions of brilliance
 t - a potion of flight
 w - a potion of ambrosia
Books
 b - a book of Changes

   Spells                             Type                      Level
   a - Beastly Appendage              Transmutation                1
   b - Sticks to Snakes               Transmutation                2
   c - Spider Form                    Transmutation/Poison         3
   d - Ice Form                       Ice/Transmutation            4
   e - Blade Hands                    Transmutation                5
Comestibles
 c - 5 bread rations
 o - 7 fruits
 u - a beef jerky
 A - a meat ration
 B - a royal jelly


   Skills:
 - Level 1.0 Fighting
 - Level 2.0 Dodging
 * Level 5.6 Unarmed Combat
 - Level 2.0 Spellcasting
 + Level 2.8 Transmutations


You had 2 spell levels left.
You knew the following spells:

 Your Spells              Type           Power        Failure   Level  Hunger
a - Beastly Appendage     Trmt           ##....       24%         1    #......
b - Sticks to Snakes      Trmt           ##........   28%         2    ###....
c - Spider Form           Trmt/Pois      #.........   61%         3    ###....


Dungeon Overview and Level Annotations

Branches:
Dungeon (3/15)

Altars:
Ashenzari
Elyvilon
Kikubaaqudgha
Ru
Trog
Vehumet

Annotations:
D:3 Baka's ghost, average GrFi


Innate Abilities, Weirdness & Mutations

You cannot wear most types of armour.
You are amphibious.
You can wear up to eight rings at the same time.
((You can use your tentacles to constrict eight enemies at once.))
((Your skin changes colour to match your surroundings (Stealth).))
((Your rubbery body absorbs attacks (AC +1).))


Message History

Baka's ghost hits you!
You hit Baka's ghost.
Baka's ghost is heavily damaged.
Baka's ghost closely misses you.
You hit Baka's ghost.
Baka's ghost is heavily damaged.
Baka's ghost closely misses you.
You hit Baka's ghost but do no damage.
Baka's ghost is heavily damaged.
Baka's ghost closely misses you.
You hit Baka's ghost but do no damage.
Baka's ghost is heavily damaged.
You completely miss Baka's ghost.
Baka's ghost is heavily damaged.
Baka's ghost hits you!
* * * LOW HITPOINT WARNING * * *
You hit Baka's ghost but do no damage.
Baka's ghost is heavily damaged.
Baka's ghost hits you!
You die...

#..##.....##
#.#..#......
##.#..#..)...
######............
#............#....
#.######>....#.#.. #.#
#....#..#.. #.#
##..##.##.. #s#
#..##.##.. #W#
#####.##..
######.#########...##.#
#........W............#
#.#.#..###..###...≈≈≈.#
# #..#.#..# #.#.≈.≈.#
###..#.#W.#.#.#.≈≈≈..
..............#......
#.#..#.#..###.#......


You could see Baka's ghost.

Vanquished Creatures
  A centaur skeleton (D:3)
  5 adders
  5 worms
  2 adder skeletons (D:3)
  A giant gecko (D:1)
  An orc (D:3)
  A ball python (D:3)
  10 bats
  2 bat skeletons (D:3)
  3 giant cockroaches
  8 goblins
  10 hobgoblins
  3 jackals
  A quokka (D:2)
  A giant cockroach zombie (D:3)
  A giant gecko skeleton (D:3)
  A giant gecko zombie (D:3)
  3 giant newts (D:1)
  8 kobolds
  10 rats
77 creatures vanquished.

Notes
Turn   | Place    | Note
--------------------------------------------------------------
     0 | D:1      | Hanyuu the Octopode Transmuter began the quest for the Orb.
     0 | D:1      | Reached XP level 1. HP: 13/13 MP: 3/3
   146 | D:1      | Reached XP level 2. HP: 1/18 MP: 5/5
   598 | D:1      | Found a shattered altar of Ashenzari.
   700 | D:1      | Reached skill level 4 in Unarmed Combat
   916 | D:1      | Reached XP level 3. HP: 23/23 MP: 6/6
   923 | D:1      | Learned a level 2 spell: Sticks to Snakes
   927 | D:1      | Learned a level 3 spell: Spider Form
  1668 | D:2      | Found a radiant altar of Vehumet.
  1833 | D:2      | Reached XP level 4. HP: 18/28 MP: 7/7
  2139 | D:2      | Found a bloodstained altar of Trog.
  2372 | D:2      | Found a sacrificial altar of Ru.
  2438 | D:2      | Reached skill level 5 in Unarmed Combat
  2789 | D:3      | Reached XP level 5. HP: 25/33 MP: 6/8
  2958 | D:3      | Noticed Baka's ghost (average GrFi)
  3020 | D:3      | Found a white marble altar of Elyvilon.
  3293 | D:3      | Found an ancient bone altar of Kikubaaqudgha.
  3409 | D:3      | Slain by Baka's ghost

Vault maps used:
D:1:      dpeg_arrival_erosion, st_stairs_11, nicolae_ashenzari_panopticon
D:2:      lemuel_round_altar, nicolae_ru_the_path_less_chosen, bloody_trog,
          first_bread
D:3:      elyvilon_altar_4, kiku_gazebo_garden_becter, serial_undead,
          serial_undead_d, serial_undead_a, serial_undead_c, serial_undead_d,
          corexii_item_surrounded_by_moat, minmay_misc_feat_nine_boxes

Action                   |  1- 3 |  4- 6 || total
-------------------------+-------+-------++-------
Melee: Unarmed           |    81 |    91 ||   172
       Dagger            |    16 |       ||    16
 Cast: Beastly Appendage |     4 |     5 ||     9
       Spider Form       |     1 |     2 ||     3
  Use: Scroll            |       |     5 ||     5
       Potion            |       |     1 ||     1
 Stab: Sleeping          |     4 |     5 ||     9
  Eat: Chunk             |     3 |     5 ||     8
